 Dungeon Crawl Stone Soup version 0.31-a0-845-g9abc20d24f (console) character file.

Game seed: 12521091019088832898

5 petzl the Sneak (level 1, -2/18 HPs)
             Began as a Formicid Delver on Oct 1, 2023.
             Slain by a centaur (3 damage)
             ... on level 7 of the Dungeon.
             The game lasted 00:02:07 (496 turns).

petzl the Sneak (Formicid Delver)                    Turns: 496, Time: 00:02:07

Health: -2/18      AC:  3    Str: 16    XL:     1   Next: 88%
Magic:  2/2        EV: 12    Int:  9    God:
Gold:   36         SH:  0    Dex: 15    Spells: 2/2 levels left

rFire   . . .        a - +0 mace
rCold   . . .        (no shield)
rNeg    . . .        b - +0 leather armour
rPois   .            (helmet unavailable)
rElec   .            (no cloak)
rCorr   .            (no gloves)
SInv    +            (no boots)
Will    .....        (no amulet)
Stlth   +++          (no ring)
HPRegen 0.23/turn    (no ring)
MPRegen 0.08/turn

%: no passive effects
@: brilliant
A: permanent stasis, dig shafts and tunnels, antennae 3, four strong arms
a: Dig, Shaft Self


You were on level 7 of the Dungeon.
You visited 1 branch of the dungeon, and saw 3 of its levels.

You collected 36 gold pieces.

Inventory:

Hand Weapons
 a - a +0 mace (weapon)
Missiles
 e - 2 stones
Armour
 b - a +0 leather armour (worn)
Wands
 f - a wand of digging (3)
Scrolls
 c - a scroll of fog
 d - a scroll of revelation
 h - a scroll of poison {unknown}
 i - a scroll of identify {unknown}
 j - a scroll of enchant armour {unknown}


   Skills:
 - Level 3.2 Fighting
 - Level 2.0 Maces & Flails
 - Level 1.7 Dodging
 - Level 6.0 Stealth
 + Level 1.3 Spellcasting


You had 2 spell levels left.
You didn't know any spells.
Your spell library was empty.

Dungeon Overview and Level Annotations

Branches:
Dungeon (6/15)
 Temple: D:4-7

Altars:


Innate Abilities, Weirdness & Mutations

You cannot be hasted, slowed, berserked, paralysed or teleported.
You can dig through walls and to a lower floor.
You have a pair of large antennae on your head. (SInv)
Your four strong arms can wield two-handed weapons with a shield.


Message History

The iguana hisses angrily.
You see here a +0 great sword.
Things that are here:
2 stones; a scroll labelled ZUDWID JASAO
e - 2 stones;
i - a scroll labelled ZUDWID JASAO
Okay, then.
Unknown command.
Are you sure you want to shaft yourself?
You begin to dig a shaft.
You continue digging a shaft.
The iguana barely misses you. A shaft appears beneath you!
You fall into a shaft and drop 2 floors!
The shaft crumbles and collapses.
You now have 36 gold pieces (gained 10).
j - a scroll labelled BOH UCHURAPROI An orc wizard comes into view.
It is wielding a +1 dagger of venom.
Found 8 stones.
Found a long sword.
Found a stone staircase leading up.
You see here a +0 long sword.
You sense a monster nearby.
A centaur comes into view.
The centaur shouts!
The centaur wields a +0 shortbow.
The centaur shoots an arrow.
The arrow hits you!
Ouch! That really hurt!
The centaur unwields a +0 shortbow.
The centaur barely misses you. The centaur kicks you.
* * * LOW HITPOINT WARNING * * *
You hit the centaur.
The centaur is moderately wounded.
The centaur hits you.
* * * LOW HITPOINT WARNING * * *
The centaur kicks you.
* * * LOW HITPOINT WARNING * * *
The centaur hits you but does no damage.
The centaur misses you.
It was a potion of brilliance.
You feel clever all of a sudden. The centaur hits you.
You die...

################
########..............#
###.........###########.#
......####..# #.# ....#.#
#..# #.# #####.# #..# #.#
. ..# #..# #.# # ... ....
#.# ##.# ....##########.#
#.# #..........##.#
#.....# #..#### #..# #@.#
#c..# .....# .......#
.........# .........##
..##.....## ... .....##


You could see a centaur.

Vanquished Creatures
  An ufetubus (D:6)
1 creature vanquished.

Notes
Turn   | Place    | Note
-------+----------+-------------------------------------------
     0 | D:5      | petzl the Formicid Delver began the quest for the Orb.
     0 | D:5      | Reached XP level 1. HP: 18/18 MP: 1/1
   119 | D:6      | Reached skill level 1 in Spellcasting
   319 | D:5      | Noticed an iguana
   336 | D:5      | You fall into a shaft and drop 2 floors!
   390 | D:7      | Noticed an orc wizard
   491 | D:7      | Noticed a centaur
   496 | D:7      | Slain by a centaur

Illustrated notes

Levels and vault maps discovered:
D:5:      layout_layer_cave
D:6:      layout_gridville, lightli_temple_of_fire, temple_hall
D:7:      layout_loops_ring

Skill      XL: |  1 |
---------------+----+-----
Spellcasting   | 1 |  1.3
Fighting       | |  3.2
Maces & Flails | |  2.0
Dodging        | |  1.7
Stealth        | |  6.0

Action                     || total
---------------------------++-------
  Melee: Mace              ||    10
Ability: Shaft Self        ||     1
    Use: Scroll            ||     1
         Potion            ||     1
   Stab: Sleeping          ||     1
 Armour: Leather armour    ||    18
  Dodge: Dodged            ||    12

Table legend: (Time is in decaauts)
 A = Elapsed time spent in this place.
 B = Non-inter-level travel time spent in this place.
 C = Inter-level travel time spent in this place.
 D = Time resting spent in this place.
 E = Time spent auto-exploring this place.
 F = Levels seen in this place.
 G = Mean time per level.
                   A        B        C        D        E       F      G
               +--------+--------+--------+--------+--------+-----+--------+
         Total |    498 |    471 |     27 |     82 |    124 |   3 |  166.0 |
       Dungeon |    498 |    471 |     27 |     82 |    124 |   3 |  166.0 |
               +--------+--------+--------+--------+--------+-----+--------+

Top non-repeatable levels by time:
     D:6: 197 daAuts
     D:7: 160 daAuts
     D:5: 141 daAuts
